 Dungeon Crawl Stone Soup version 0.29.1-1-gd02db6906a (webtiles) character file.

Game seed: 4430712231910480605

401 Ashen the Conjurer (level 6, -7/44 HPs)
             Began as a Demonspawn Conjurer on Oct 3, 2022.
             Mangled by an orc warrior
             ... wielding a +0 mace
              (13 damage)
             ... on level 3 of the Dungeon.
             The game lasted 00:06:49 (4305 turns).

Ashen the Conjurer (Demonspawn Conjurer)            Turns: 4305, Time: 00:06:50

Health: -7/44      AC: 11    Str:  7    XL:     6   Next: 54%
Magic:  5/11       EV: 12    Int: 21    God:
Gold:   182        SH:  0    Dex: 12    Spells: 2/12 levels left

rFire   + . .      SeeInvis .   k - +2 rapier (protect)
rCold   + . .      Faith    .   (no shield)
rNeg    . . .      Spirit   .   a - +0 robe
rPois   +          Reflect  .   c - +1 helmet
rElec   +          Harm     .   (no cloak)
rCorr   +          Rampage  .   (gloves unavailable)
Will    .....                   (no boots)
Stlth   ++........              (no amulet)
HPRegen 0.14/turn               (no ring)
MPRegen 0.12/turn               (no ring)

@: brilliant, resistant, under a protective aura, very slightly contaminated,
invisible
A: claws 3
a: no special abilities


You were on level 3 of the Dungeon.
You visited 1 branch of the dungeon, and saw 3 of its levels.
You also visited: Sewer.

You collected 182 gold pieces.

Inventory:

Hand Weapons
 k - a +2 rapier of protection (weapon)
Armour
 a - a +0 robe (worn)
 c - a +1 helmet (worn)
Jewellery
 p - a +4 ring of slaying
Scrolls
 b - a scroll of identify
 g - a scroll of summoning {unknown}
 h - a scroll of amnesia
 i - 2 scrolls of vulnerability {unknown}
 l - a scroll of noise
Potions
 d - a potion of attraction
 e - a potion of invisibility
 f - 2 potions of brilliance
 j - a potion of flight {unknown}
 m - a potion of magic
 n - 2 potions of resistance
 o - a potion of haste {unknown}


   Skills:
 + Level 2.1 Fighting
 + Level 2.8 Dodging
 + Level 3.1 Stealth
 * Level 3.8 Spellcasting
 * Level 5.4 Conjurations


You had 2 spell levels left.
You knew the following spells:

 Your Spells              Type           Power      Damage    Failure   Level
a - Magic Dart            Conj           100%       1d8       1%          1
b - Searing Ray           Conj           80%        2d7       1%          2
c - Dazzling Flash        Conj/Hex       46%        N/A       12%         3
d - Fulminant Prism       Conj/Hex       11%        3d9       36%         4

Your spell library contained the following spells:

 Spells                   Type           Power      Damage    Failure   Level
 Iskenderun's Mystic Bla  Conj/Tloc      23%        2d6       36%         4


Dungeon Overview and Level Annotations

Branches:
Dungeon (3/15)              Sewer (visited)

Altars:
Nemelex Xobeh

Shops:
D:3 (


Innate Abilities, Weirdness & Mutations

You have claws for hands.


Message History

The orc warrior barely misses you. The orc warrior closely misses you.
You hit the orc warrior but do no damage.
The orc warrior is moderately wounded.
The orc warrior hits you with a +0 mace!
You hit the orc warrior.
The orc warrior is moderately wounded.
The orc warrior closely misses you.
You catch the helpless orc warrior completely off-guard!
You hit the orc warrior.
The orc warrior is heavily wounded.
The orc warrior hits you but does no damage.
The orc warrior hits you with a +0 mace.
You hit the orc warrior.
The orc warrior is severely wounded.
The orc warrior hits you with a +0 mace!
* * * LOW HITPOINT WARNING * * *
It was a potion of resistance.
You feel protected.
The orc warrior hits you with a +0 mace.
* * * LOW HITPOINT WARNING * * *
It was a potion of brilliance.
You feel clever all of a sudden. The orc warrior barely misses you.
Casting: Fulminant Prism (quite dangerous; 36% risk of failure)
Confirm with . or Enter, or press ? or * to list all spells.
Aiming: Searing Ray (safe; 1% risk of failure)
Press: ? - help, Shift-Dir - straight line, f - orc warrior
Aim: an orc warrior, wielding a +0 mace and wearing a +0 chain mail (severely wounded, unable to see you, 80% to hit)
Okay, then.
Unknown command.
Casting: Searing Ray (safe; 1% risk of failure)
Confirm with . or Enter, or press ? or * to list all spells.
Aiming: Searing Ray (safe; 1% risk of failure)
Press: ? - help, Shift-Dir - straight line, f - orc warrior
Aim: an orc warrior, wielding a +0 mace and wearing a +0 chain mail (severely wounded, unable to see you, 80% to hit)
You feel a surge of power!
The searing ray hits the orc warrior.
The orc warrior is severely wounded. (Press . to maintain the ray.)
The orc warrior hits you with a +0 mace!
You die...

...................##.##.#
..###########'####.##.##.#
..................>......#
..###########.####.#######
### #..[...#### #####.....#
####...#.# ###..#.....#
###.#..@.....#
###.#..#o#.....#
###.#..#.#'#....###
###.#..#.###.#....#.#
###.#..#)###...#....#.#
+#.#..#.###...###......####
......###...### #.........#
#.#..#.##..## #...<..####
##.#..#.##....# #......#


You could see an orc warrior (unable to see you).

Vanquished Creatures
  2 kobold brigands (Sewer)
  A scorpion (D:3)
  An orc priest (D:3)
  4 gnolls (D:3)
  3 adders
  A river rat (Sewer)
  3 worms
  5 orcs (D:3)
  8 ball pythons
  6 endoplasms
  7 giant cockroaches
  12 goblins
  7 hobgoblins
  4 jackals
  6 quokkas
  A bat (D:1)
  3 frilled lizards
  6 kobolds
  8 rats
88 creatures vanquished.

Vanquished Creatures (others)
  A fulminant prism (D:3)
  6 plants
7 creatures vanquished.

Grand Total: 95 creatures vanquished

Notes
Turn   | Place    | Note
-------+----------+-------------------------------------------
     0 | D:1      | Ashen the Demonspawn Conjurer began the quest for the Orb.
     0 | D:1      | Reached XP level 1. HP: 13/13 MP: 3/3
   568 | D:1      | Gained mutation: You have sharp fingernails. [demonic
                  | ancestry]
   568 | D:1      | Reached XP level 2. HP: 20/20 MP: 0/5
  1024 | D:1      | Found a faded altar of an unknown god.
  1441 | D:2      | Reached XP level 3. HP: 25/25 MP: 4/6
  2163 | D:2      | Reached skill level 1 in Fighting
  2326 | D:3      | Noticed a scorpion
  2337 | D:3      | Killed a scorpion
  2338 | D:3      | Gained mutation: You have very sharp fingernails. [demonic
                  | ancestry]
  2338 | D:3      | Reached XP level 4. HP: 27/32 MP: 2/8
  2716 | D:3      | Found a glowing drain.
  2726 | Sewer    | Entered a sewer
  2805 | Sewer    | Reached XP level 5. HP: 37/37 MP: 3/9
  2966 | Sewer    | Reached skill level 5 in Conjurations
  3300 | Sewer    | Gained mutation: You have claws for hands. [demonic
                  | ancestry]
  3300 | Sewer    | Reached XP level 6. HP: 36/44 MP: 4/11
  3444 | D:3      | Found Hol Dut's Weapon Emporium.
  3974 | D:3      | Found a sparkling altar of Nemelex Xobeh.
  4270 | D:3      | Noticed an orc warrior
  4275 | D:3      | Learned a level 2 spell: Searing Ray
  4279 | D:3      | Learned a level 3 spell: Dazzling Flash
  4284 | D:3      | Learned a level 4 spell: Fulminant Prism
  4305 | D:3      | Mangled by an orc warrior

Illustrated notes

Levels and vault maps discovered:
D:1:      minmay_arrival_plants_in_alcoves, layout_basic,
          ebering_ecumenical_altar_mist, dreamdust_princess_corridor
D:2:      layout_loops_ring
D:3:      minmay_razor_zed, layout_basic, tso_oasis_becter,
          nemelex_spade_bored_becter, portal_sewer_entry_f, serial_shops,
          nicolae_diamond_shop, minivault_11

Skill      XL: |  1  2  3  4  5  6 |
---------------+-------------------+-----
Dodging        | 2 |  2.8
Stealth        | 2 3 |  3.1
Fighting       | 1 2 |  2.1
Spellcasting   | 3 |  3.8
Conjurations   | 5 |  5.4

Action                   |  1- 3 |  4- 6 || total
-------------------------+-------+-------++-------
Melee: Unarmed           |    16 |       ||    16
       Rapier            |     2 |    62 ||    64
       Punch             |     1 |       ||     1
 Cast: Magic Dart        |    81 |    95 ||   176
       Fulminant Prism   |       |     1 ||     1
       Searing Ray       |       |     1 ||     1
  Use: Potion            |     1 |     3 ||     4
       Scroll            |       |     9 ||     9
 Stab: Sleeping          |       |     1 ||     1
       Invisible         |       |     1 ||     1
Armor: Robe              |     6 |    23 ||    29
Dodge: Dodged            |    18 |    55 ||    73
